 Dungeon Crawl Stone Soup version 0.29.1-4-g47bece8355 (webtiles) character file.

Game seed: 11988121231619952412

445 Descartes the Shield-Bearer (level 7, -1/52 HPs)
             Began as a Formicid Fighter on Dec 2, 2022.
             Killed from afar by Ijyb (12 damage)
             ... with a bolt of light
             ... on level 3 of the Dungeon.
             The game lasted 00:05:49 (3989 turns).

Descartes the Shield-Bearer (Formicid Fighter)      Turns: 3989, Time: 00:05:49

Health: -1/52      AC: 17    Str: 20    XL:     7   Next: 24%
Magic:  7/7        EV:  2    Int: 10    God:
Gold:   142        SH:  0    Dex: 13    Spells: 6/6 levels left

rFire   . . .      SeeInvis +   v - +5 club
rCold   . . .      Faith    .   c - +0 buckler
rNeg    . . .      Spirit   .   o - +0 crystal plate armour
rPois   +          Reflect  .   (helmet unavailable)
rElec   .          Harm     .   (no cloak)
rCorr   .          Rampage  .   (no gloves)
Will    .....                   (no boots)
Stlth   ..........              (no amulet)
HPRegen 0.17/turn               e - ring of poison resistance
MPRegen 0.10/turn               (no ring)

@: confused
A: permanent stasis, dig shafts and tunnels, antennae 3, four strong arms
a: Dig, Shaft Self


You were on level 3 of the Dungeon.
You visited 1 branch of the dungeon, and saw 4 of its levels.

You collected 142 gold pieces.

Inventory:

Hand Weapons
 a - a +0 war axe
 v - a +5 club (weapon)
Missiles
 g - 2 poisoned darts
Armour
 b - a +0 scale mail
 c - a +0 buckler (worn)
 o - a +0 crystal plate armour (worn)
 y - the +3 leather armour "Moahept" {Str+4}
   (You found it on level 3 of the Dungeon)

   Str:       It affects your strength (+4).
Jewellery
 e - a ring of poison resistance (left hand)
Scrolls
 f - a scroll of amnesia {unknown}
 h - 4 scrolls of teleportation
 i - 2 scrolls of magic mapping {unknown}
 j - a scroll of fog {unknown}
 k - a scroll of brand weapon {unknown}
 l - a scroll of acquirement {unknown}
 m - 3 scrolls of vulnerability {unknown}
 p - 4 scrolls of identify {unknown}
 r - a scroll of enchant armour {unknown}
 t - 2 scrolls of enchant weapon {unknown}
 u - a scroll of immolation {unknown}
 w - a scroll of poison {unknown}
 B - a scroll of fear {unknown}
Potions
 d - a potion of might
 n - a potion of haste {unknown}
 q - a potion of cancellation {unknown}
 s - 3 potions of brilliance {unknown}
 x - a potion of resistance {unknown}
 z - a potion of attraction {unknown}
 A - a potion of heal wounds {unknown}


   Skills:
 - Level 3.2 Fighting
 - Level 3.3(3.8) Axes
 + Level 2.6(3.4) Maces & Flails
 + Level 5.5 Armour
 + Level 6.6 Shields


You had 6 spell levels left.
You didn't know any spells.
Your spell library was empty.

Dungeon Overview and Level Annotations

Branches:
Dungeon (4/15)
 Temple: D:4-7

Altars:

Annotations:
D:3 2 transporters, Ijyb; satrion's ghost, amateur DsAK


Innate Abilities, Weirdness & Mutations

You cannot be hasted, slowed, berserked, paralysed or teleported.
You can dig through walls and to a lower floor.
You have a pair of large antennae on your head. (SInv)
Your four strong arms can wield two-handed weapons with a shield.


Message History

The quokka bites you but does no damage.
You completely miss the quokka.
The quokka is severely wounded.
The quokka bites you but does no damage. x2
You barely miss the quokka.
The quokka is severely wounded.
You block the quokka's attack.
You hit the quokka.
You kill the quokka!
HP restored.
Partly explored, unvisited transporter.
There is a stone staircase leading down, spattered with blood here.
You climb downwards.
Level annotation: Ijyb Ijyb zaps a wand.
The bolt of light hits you!
You are confused.
There is a stone staircase leading up, spattered with blood here.
Found 14 gold pieces.
You feel less confused. You block the gnoll's attack.
There is a stone staircase leading up, spattered with blood here.
You block the gnoll's attack.
Ijyb zaps a wand.
The bolt of light hits you.
You climb upwards.
Level annotation: 2 transporters, satrion's ghost, amateur DsAK
There is a stone staircase leading down, spattered with blood here.
You hit Ijyb but do no damage. Ijyb screams, "I no like you!"
Ijyb zaps a wand.
The bolt of light hits you.
You hit Ijyb.
Ijyb is lightly wounded.
Ijyb hits you with a +0 dagger.
You hit Ijyb but do no damage.
Ijyb is lightly wounded.
Ijyb zaps a wand.
The bolt of light hits you!
* * * LOW HITPOINT WARNING * * *
You hit Ijyb but do no damage.
Ijyb is lightly wounded.
Ijyb zaps a wand.
The bolt of light hits you!
You are confused.
You die...

#########....# #.#.....##.##.....
#......##....# #.#.######.##..#.#
#......'...### #.#........###....
#......##### #.########........
#......##### #.# #.###.#..
#......#...# #)# #.###.#..
#......#...# #.###### #.#......
####'###...#####[#....# #.#.#.#.#
.......'...'...g@#....###.#.#....
####.###...###.#.[....'...#.###..
...#.# #...##..#.#....#####.# #..
##.#.# #...#..##.#....# #.# #..
##.#.# ###...###.#....#####.###..
.....#####.### #.#............#..
...........# #.############.##.
######..#### #.#...............
#..########'#.##########.###


You could see Ijyb.

Vanquished Creatures
  A black bear (D:3)
  A hound (D:3)
  A jelly (D:3)
  A gnoll bouda (D:4)
  Terence (D:2)
  Jessica (D:2)
  3 orc wizards
  3 gnolls
  2 adders (D:3)
  2 worms
  2 dart slugs
  6 orcs
  4 bats
  3 endoplasms
  2 giant cockroaches
  5 goblins
  5 hobgoblins
  8 jackals
  7 kobolds
  6 quokkas
  5 ball pythons
  4 frilled lizards
  A rat (D:1)
74 creatures vanquished.

Vanquished Creatures (others)
  6 plants (D:3)
6 creatures vanquished.

Grand Total: 80 creatures vanquished

Notes
Turn   | Place    | Note
-------+----------+-------------------------------------------
     0 | D:1      | Descartes the Formicid Fighter began the quest for the Orb.
     0 | D:1      | Reached XP level 1. HP: 18/18 MP: 1/1
   130 | D:1      | Reached XP level 2. HP: 22/24 MP: 2/2
   577 | D:1      | Reached XP level 3. HP: 29/29 MP: 3/3
   638 | D:1      | You fall into a shaft and drop 1 floor!
   875 | D:2      | Reached XP level 4. HP: 33/35 MP: 4/4
   891 | D:2      | Reached skill level 5 in Shields
  1082 | D:2      | Noticed Terence
  1094 | D:2      | Killed Terence
  1095 | D:2      | Reached XP level 5. HP: 13/41 MP: 5/5
  1401 | D:2      | Found a faded altar of an unknown god.
  1467 | D:2      | Noticed Jessica
  1473 | D:2      | Killed Jessica
  1782 | D:3      | Found a transporter.
  1782 | D:3      | Found a transporter.
  2044 | D:3      | Identified the +3 leather armour "Moahept" {Str+4}
  2389 | D:3      | Noticed satrion's ghost (amateur DsAK)
  2812 | D:3      | Reached skill level 1 in Maces & Flails
  2816 | D:3      | Reached XP level 6. HP: 31/47 MP: 6/6
  3217 | D:4      | Noticed a black bear
  3223 | D:3      | Reached skill level 5 in Armour
  3223 | D:3      | Reached skill level 6 in Shields
  3336 | D:3      | Killed a black bear
  3337 | D:3      | Reached XP level 7. HP: 17/52 MP: 7/7
  3857 | D:4      | Noticed Ijyb
  3989 | D:3      | Killed from afar by Ijyb

Illustrated notes

Levels and vault maps discovered:
D:1:      sevenhm_arrival_forest_fort_small_6, layout_loops_cross
D:2:      layout_loops_ring, hellmonk_ecumenical_altar_lost_god, uniq_jessica,
          uniq_terence
D:3:      layout_basic, gammafunk_ghost_gnarly_gnolls, corexii_hall_statues_x
D:4:      layout_rooms, uniq_ijyb

Skill      XL: |  1  2  3  4  5  6 |
---------------+-------------------+-----
Armour         | 4 5 |  5.5
Shields        | 5 6 |  6.6
Axes           | 3 |  3.3
Maces & Flails | 1 2 |  2.6
Fighting       | |  3.2

Action                   |  1- 3 |  4- 6 |  7- 9 || total
-------------------------+-------+-------+-------++-------
Melee: War axe           |    76 |    42 |       ||   118
       Club              |       |   110 |    60 ||   170
  Use: Scroll            |     1 |       |       ||     1
Armor: Scale mail        |    43 |       |       ||    43
       Crystal plate arm |    15 |   219 |    56 ||   290
Dodge: Dodged            |    31 |    22 |     5 ||    58
Block: Buckler           |    21 |    66 |    21 ||   108
